 Dungeon Crawl Stone Soup version 0.30-a0-808-g6e0788376e (webtiles) character file.

Game seed: 9715488397536954417

21 NinjaNoafa the Sneak (level 2, 18/18 HPs)
             Began as an Octopode Wanderer on Feb 25, 2023.
             Quit the game on level 1 of the Dungeon.
             The game lasted 00:04:02 (323 turns).

NinjaNoafa the Sneak (Octopode Wanderer)             Turns: 323, Time: 00:04:02

Health: 18/18      AC:  1    Str:  9    XL:     2   Next: 87%
Magic:  3/3        EV: 12    Int: 16    God:
Gold:   43         SH:  0    Dex: 11    Spells: 3/3 levels left

rFire   . . .      SeeInvis .    a - +0 dagger
rCold   . . .      Faith    .    (no shield)
rNeg    . . .      Spirit   .    (helmet restricted)
rPois   .          Reflect  .    (no amulet)
rElec   .          Harm     .    (no ring)
rCorr   .          Rampage  .    (no ring)
Will    .....                    (no ring)
Stlth   +++                      (no ring)
HPRegen 0.23/turn                (no ring)
MPRegen 0.08/turn                (no ring)
                                 (no ring)
                                 (no ring)

@: no status effects
A: almost no armour, amphibious, 8 rings, camouflage 1, gelatinous body 1,
(nimble swimmer 1), tentacles
a: no special abilities


You were on level 1 of the Dungeon.
You visited 1 branch of the dungeon, and saw 1 of its levels.

You collected 43 gold pieces.

Inventory:

Hand Weapons
 a - a +0 dagger (weapon)
Missiles
 b - 9 boomerangs (quivered)
Scrolls
 c - a scroll of fear
 d - 2 scrolls of identify {unknown}
 e - a scroll of teleportation {unknown}


   Skills:
 - Level 1.0 Fighting
 - Level 2.0 Throwing
 + Level 3.8 Stealth
 - Level 1.0 Spellcasting
 - Level 3.0 Hexes
 - Level 1.1 Ice Magic
 - Level 1.1 Evocations


You had 3 spell levels left.
You didn't know any spells.
Your spell library contained the following spells:

 Spells                   Type           Power      Damage    Failure   Level
 Slow                     Hex            40%        N/A       7%          1
 Freeze                   Ice            16%        1d4       14%         1
 Portal Projectile        Hex/Tloc       10%        N/A       36%         3
 Hailstorm                Conj/Ice       2%         3d3       50%         3
 Leda's Liquefaction      Hex/Erth       2%         N/A       77%         4


Dungeon Overview and Level Annotations

Branches:
Dungeon (1/15)

Altars:


Innate Abilities, Weirdness & Mutations

You cannot wear most types of armour.
You are amphibious.
You can wear up to eight rings at the same time.
Your skin changes colour to match your surroundings (Stealth+).
Your rubbery body absorbs attacks. (AC +1, EV +1)
((You are camouflaged when in or above water. (Stealth+)))
You have tentacles for arms and can constrict up to eight enemies at once.


Message History

You see here a hobgoblin corpse.
You hit the bat. Your grab misses the bat.
The bat is heavily wounded.
The bat hits you.
* * * LOW HITPOINT WARNING * * *
The bat hits you but does no damage. The bat hits you.
* * * LOW HITPOINT WARNING * * *
You hit the bat. You grab the bat. You squeeze the bat.
You kill the bat!
You see here a bat corpse.
You hit the kobold. Your grab misses the kobold.
The kobold is severely wounded.
The kobold hits you with a +0 short sword.
* * * LOW HITPOINT WARNING * * *
You hit the kobold.
You kill the kobold!
Things that are here:
a +0 short sword; 4 stones A goblin comes into view.
It is wielding a +0 club.
Number of times to repeat, then command key: 20 Enter command to be repeated: The goblin barely misses you.
You closely miss the goblin. You grab the goblin.
You constrict the goblin, but do no damage.
The goblin closely misses you.
You hit the goblin. You squeeze the goblin.
You kill the goblin!
Things that are here:
a +0 club; a goblin corpse HP restored.
You now have 43 gold pieces (gained 6).
A rat comes into view.
A ball python comes into view.
Unknown command.
The rat bites you.
You hit the rat.
You kill the rat!
You see here a rat corpse.
Are you sure you want to abandon this character and quit the game? (Confirm with "yes".)

#####.....# #.#..#
######.....#####...
#....#.....(......#
#..........#####...
#....##...## .....
#.†..##...# .(....
#....###### #......
#....# #......
#.@..# #.....
#....# #.S..#
#....# #....#
######


You could see a ball python (asleep).

Vanquished Creatures
  4 ball pythons (D:1)
  2 endoplasms (D:1)
  A giant cockroach (D:1)
  2 goblins (D:1)
  A hobgoblin (D:1)
  2 quokkas (D:1)
  3 bats (D:1)
  A kobold (D:1)
  3 rats (D:1)
19 creatures vanquished.

Notes
Turn   | Place    | Note
-------+----------+-------------------------------------------
     0 | D:1      | NinjaNoafa the Octopode Wanderer began the quest for the
                  | Orb.
     0 | D:1      | NinjaNoafa set off with the following items: a +0 dagger, 9
                  | boomerangs, a scroll of fear; and the following spells
                  | available to memorise: Slow, Freeze, Portal Projectile,
                  | Hailstorm, Leda's Liquefaction.
     0 | D:1      | Reached XP level 1. HP: 13/13 MP: 2/2
   110 | D:1      | Reached XP level 2. HP: 14/18 MP: 3/3
   323 | D:1      | Quit the game

Illustrated notes

Levels and vault maps discovered:
D:1:      erik_arrival_orb_chamber, layout_basic

Skill      XL: |  1  2 |
---------------+-------+-----
Stealth        | 2 3 |  3.8
Fighting       | |  1.0
Throwing       | |  2.0
Spellcasting   | |  1.0
Hexes          | |  3.0
Ice Magic      | |  1.1
Evocations     | |  1.1

Action                     || total
---------------------------++-------
  Melee: Dagger            ||    48
         Tentacles         ||    10
         Constrict         ||    10
   Stab: Sleeping          ||     2
 Armour: Skin              ||     8
  Dodge: Dodged            ||    45

Table legend: (Time is in decaauts)
 A = Elapsed time spent in this place.
 B = Non-inter-level travel time spent in this place.
 C = Inter-level travel time spent in this place.
 D = Time resting spent in this place.
 E = Time spent auto-exploring this place.
 F = Levels seen in this place.
 G = Mean time per level.
                   A        B        C        D        E       F      G
               +--------+--------+--------+--------+--------+-----+--------+
         Total |    323 |    323 |      0 |      0 |    117 |   1 |  323.0 |
       Dungeon |    323 |    323 |      0 |      0 |    117 |   1 |  323.0 |
               +--------+--------+--------+--------+--------+-----+--------+

Top non-repeatable levels by time:
     D:1: 323 daAuts
